AoeStats
← Pwncakes

Fortress

507524772Analyzed
4v4 RM · 13d ago on Sep 18, 2026· 36m 29s· 8 players
Game mode
Random Map
Map size
Huge
Population
200
Speed
Normal
Resources
Standard
Victory
Conquest
Starting age
Dark Age
Ending age
Imperial Age
RankedLock teamsTeams togetherTeam positionsShared explorationLock speedFull tech treeHidden civsTurbo modeCheats
Victory
Defeat
🇺🇸 Bulgarians · United States
1303
+14
🇩🇪 Celts · Germany
1295
+14
🇬🇧 Ethiopians · United Kingdom
1274
+15
🇻🇳 Maya · Vietnam
1268
+16
🇧🇷 Dravidians · Brazil
1306
-16
🇹🇷 Malians · Türkiye
1261
-15
🇦🇷 Vietnamese · Argentina
1243
-14
🇵🇱 Burgundians · Poland
1236
-14
Alfalfa
7:42 Feudal Age
8:00 Feudal Age
9:02 Loom
12:49 Castle Age
11:03 Horse Collar
12:51 Double-Bit Axe
14:56 Bow Saw
20:23 Heavy Plow
21:56 Wheelbarrow
23:32 Gold Mining
23:46 Stone Mining
25:51 Stone Shaft Mining
25:40 Hand Cart
28:47 Imperial Age
26:43 Town Watch
27:29 Scale Barding Armor
27:26 Chatras
28:48 Chain Barding Armor
29:25 Bloodlines
29:15 Husbandry
29:27 Heated Shot
32:01 Chemistry
31:07 Capped Ram
32:31 Fletching
33:17 Plate Barding Armor
32:24 Elite Battle Elephant
32:29 Crossbowman
33:35 Arbalester
34:06 Arbalester
34:51 Arbalester
35:27 Bodkin Arrow
Fs.Emmanuel
7:13 Feudal Age
10:54 Castle Age
9:58 Double-Bit Axe
10:02 Horse Collar
11:51 Bow Saw
14:29 Heavy Plow
20:26 Gold Mining
23:28 Scale Mail Armor
23:59 Fletching
27:40 Imperial Age
26:45 Bodkin Arrow
27:05 Padded Archer Armor
28:16 Chain Mail Armor
28:57 Conscription
29:30 Ballistics
30:15 Chemistry
29:42 Bracer
29:44 Elite Elephant Archer
31:12 Forging
31:14 Medical Corps
34:55 Leather Archer Armor
34:50 Squires
34:36 Gambesons
34:37 Arson
35:24 Man-at-Arms
zeron
6:30 Loom
8:16 Feudal Age
10:26 Double-Bit Axe
10:25 Horse Collar
13:02 Castle Age
11:11 Gold Mining
11:15 Stone Mining
14:47 Bow Saw
14:40 Heavy Plow
20:21 Crossbowman
21:51 Crossbowman
30:00 Thumb Ring
35:48 Imperial Age
35:42 Ballistics
36:25 Arbalester
Firkrag
5:13 Double-Bit Axe
5:38 Horse Collar
7:14 Wheelbarrow
8:18 Feudal Age
12:51 Castle Age
11:17 Bow Saw
11:40 Heavy Plow
19:16 Wheelbarrow
19:51 Loom
19:52 Town Watch
20:02 Gold Mining
21:31 Burgundian Vineyards
22:29 Two-Man Saw
23:28 Hand Cart
26:39 Imperial Age
25:06 Scale Barding Armor
25:12 Forging
26:24 Crop Rotation
28:33 Chemistry
27:54 Ballistics
28:18 Town Patrol
28:57 Chain Barding Armor
29:13 Iron Casting
29:10 Masonry
31:23 Plate Barding Armor
31:41 Elite Coustillier
33:42 Blast Furnace
35:30 Padded Archer Armor
35:21 Fletching
Pwncakes
7:09 Feudal Age
11:00 Castle Age
9:34 Double-Bit Axe
13:15 Bow Saw
13:30 Horse Collar
17:31 Heavy Plow
17:32 Loom
18:34 Wheelbarrow
20:41 Scale Barding Armor
21:51 Stone Mining
22:02 Gold Mining
22:47 Chain Barding Armor
23:01 Bloodlines
22:56 Husbandry
24:25 Hand Cart
25:40 Stirrups
26:01 Forging
29:31 Imperial Age
27:39 Iron Casting
27:18 Scale Mail Armor
28:25 Gold Shaft Mining
29:08 Town Watch
30:57 Conscription
31:24 Plate Barding Armor
31:49 Blast Furnace
30:10 Cavalier
30:52 Elite Konnik
31:01 Capped Ram
31:54 Siege Ram
33:04 Scale Mail Armor
32:50 Gambesons
33:07 Squires
32:52 Arson
33:10 Bagains
34:59 Chain Mail Armor
35:25 Coinage
35:51 Plate Mail Armor
35:09 Pikeman
Das Frettchen
7:32 Feudal Age
11:48 Castle Age
9:53 Horse Collar
10:03 Double-Bit Axe
10:05 Horse Collar
11:50 Wheelbarrow
11:17 Gold Mining
14:48 Scale Mail Armor
19:02 Loom
19:54 Chain Mail Armor
23:14 Hand Cart
23:15 Town Watch
23:56 Forging
26:49 Gold Shaft Mining
30:22 Imperial Age
33:19 Furor Celtica
33:31 Capped Ram
34:06 Fletching
34:23 Siege Ram
35:42 Bodkin Arrow
36:32 Conscription
37:12 Siege Engineers
Papamaci
7:41 Feudal Age
10:46 Double-Bit Axe
11:03 Horse Collar
13:42 Castle Age
12:31 Wheelbarrow
14:40 Bow Saw
14:27 Loom
15:03 Heavy Plow
16:41 Gold Mining
16:42 Stone Mining
18:16 Gold Shaft Mining
19:21 Hand Cart
27:02 Imperial Age
25:55 Stone Shaft Mining
25:26 Scale Mail Armor
25:37 Forging
25:29 Squires
26:45 Chain Mail Armor
27:06 Iron Casting
26:19 Arson
28:44 Chemistry
27:06 Halberdier
28:19 Plate Mail Armor
28:50 Blast Furnace
29:04 Fletching
29:14 Padded Archer Armor
29:46 Ballistics
30:10 Bodkin Arrow
30:04 Town Watch
31:48 Torsion Engines
nguyenducminhhieu
4:22 Loom
8:40 Feudal Age
12:35 Castle Age
11:19 Horse Collar
11:26 Double-Bit Axe
12:43 Wheelbarrow
13:56 Bow Saw
13:48 Heavy Plow
15:09 Wheelbarrow
19:40 Hand Cart
19:32 Gold Mining
21:10 Forging
21:00 Scale Mail Armor
27:30 Imperial Age
28:17 Iron Casting
27:57 Chain Mail Armor
27:38 Eagle Warrior
28:54 Elite Eagle Warrior
30:47 Blast Furnace
30:17 Plate Mail Armor
35:22 Holcans
35:11 Caravan
34:55 Pikeman
35:36 Squires
Connection lost

Rejoining the realm…

Still unreachable

The connection could not be restored.

Session expired

The server has moved on; the page needs a fresh start.